 Dungeon Crawl Stone Soup version 0.29.1-1-gd02db6906a (webtiles) character file.

Game seed: 5681790546990244130

17512 Earthwalker the Blocker (level 12, -29/106 HPs)
             Began as a Minotaur Fighter on Oct 7, 2022.
             Was a Priest of Elyvilon.
             Annihilated by an orc knight
             ... wielding a +0 dire flail
              (42 damage)
             ... on level 1 of the Orcish Mines.
             The game lasted 01:22:32 (15761 turns).

Earthwalker the Blocker (Minotaur Fighter)         Turns: 15761, Time: 01:22:33

Health: -29/106    AC: 18    Str: 22    XL:     12   Next: 19%
Magic:  11/11      EV: 13    Int:  5    God:    Elyvilon [***...]
Gold:   745        SH: 18    Dex: 20    Spells: 11/11 levels left

rFire   + . .      SeeInvis .   L - +3 spear (protect)
rCold   + . .      Faith    .   u - +0 kite shield
rNeg    + . .      Spirit   .   b - +0 scale mail
rPois   .          Reflect  +   (helmet restricted)
rElec   .          Harm     .   C - +1 cloak
rCorr   +          Rampage  .   (no gloves)
Will    .....                   (no boots)
Stlth   ..........              k - amulet "Upronnir" {Reflect rF+ rC+ rCorr Slay+3 SH+5}
HPRegen 0.27/turn               P - +6 ring of dexterity
MPRegen 0.12/turn               f - ring of positive energy

@: under a protective aura
A: horns 2, retaliatory headbutt
a: Renounce Religion, Purification, Heal Other, Heal Self


You were on level 1 of the Orcish Mines.
You worshipped Elyvilon.
Elyvilon was most pleased with you.
You visited 3 branches of the dungeon, and saw 12 of its levels.

You collected 1209 gold pieces.
You spent 464 gold pieces at shops.

Inventory:

Hand Weapons
 c - a +1 spear of flaming
 L - a +3 spear of protection (weapon)
 T - a +3 spear
Missiles
 e - 23 poisoned darts (quivered)
 g - 6 javelins
Armour
 b - a +0 scale mail (worn)
 u - a +0 kite shield (worn)
 v - a +2 robe of fire resistance
 y - a scarf of resistance
 C - a +1 cloak (worn)
 E - a +3 chain mail
 J - a +2 buckler
Jewellery
 a - a ring of poison resistance
 f - a ring of positive energy (right hand)
 i - a ring of protection from cold
 k - the amulet "Upronnir" (around neck) {Reflect rF+ rC+ rCorr Slay+3 SH+5}
   (You acquired it on level 4 of the Dungeon)

   [amulet of reflection]

   It reflects blocked missile attacks.
   Slay:      It affects your accuracy & damage with ranged weapons and melee
   (+3).
   rF:        It protects you from fire.
   rC:        It protects you from cold.
   rCorr:     It protects you from acid and corrosion.
   SH:        It affects your SH (+5).
 s - an amulet of the acrobat
 z - an amulet of regeneration
 P - a +6 ring of dexterity (left hand)
 R - an amulet of reflection
Wands
 l - a wand of charming (9)
 t - a wand of quicksilver (29)
 A - a wand of polymorph (29)
 O - a wand of roots (12)
Scrolls
 w - 2 scrolls of fog
 F - 4 scrolls of teleportation
 G - a scroll of identify
 N - a scroll of vulnerability
 U - a scroll of enchant armour
 V - 2 scrolls of poison
 X - a scroll of summoning
Potions
 d - 3 potions of might
 h - 5 potions of curing
 j - 3 potions of heal wounds
 m - a potion of ambrosia
 n - 2 potions of berserk rage
 o - 3 potions of lignification
 p - 3 potions of mutation
 q - a potion of attraction
 x - a potion of degeneration
 B - a potion of haste {unknown}
 D - 3 potions of cancellation
 K - a potion of magic
 M - a potion of brilliance


   Skills:
 * Level 9.7 Fighting
 * Level 11.4 Polearms
 * Level 6.7 Throwing
 * Level 10.0 Armour
 * Level 7.4 Dodging
 * Level 11.5 Shields
 * Level 6.2 Evocations


You had 11 spell levels left.
You didn't know any spells.
Your spell library contained the following spells:

 Spells                   Type           Power      Damage    Failure   Level
 Sandblast                Erth           0%         2d4       94%         1
 Passwall                 Tmut/Erth      0%         N/A       98%         2
 Dazzling Flash           Conj/Hex       0%         N/A       100%        3
 Gell's Gravitas          Tloc           0%         N/A       100%        3
 Lesser Beckoning         Tloc           0%         N/A       100%        3
 Stone Arrow              Conj/Erth      0%         3d7       100%        3
 Teleport Other           Tloc           0%         N/A       100%        3
 Animate Armour           Summ/Erth      0%         N/A       100%        4
 Iskenderun's Mystic Bla  Conj/Tloc      0%         2d3       100%        4
 Dispersal                Tloc           0%         N/A       100%        6
 Starburst                Conj/Fire      0%         6d3       100%        6
 Disjunction              Tloc           0%         N/A       100%        8
 Lehudib's Crystal Spear  Conj/Erth      0%         10d2      100%        8


Dungeon Overview and Level Annotations

Branches:
Dungeon (9/15)             Temple (1/1) D:7             Orc (2/2) D:9
    Elf (0/3) Orc:2
   Lair: D:8-11

Altars:
Ashenzari
Cheibriados
Dithmenos
Elyvilon
Fedhas
Gozag
Hepliaklqana
Kikubaaqudgha
Makhleb
Nemelex Xobeh
Okawaru
Qazlal
Ru
Sif Muna
Trog
Uskayaw
Vehumet
Wu Jian
Xom
Yredelemnul
Zin
The Shining One

Shops:
D:8 ((?   Orc:1 =


Innate Abilities, Weirdness & Mutations

You have a pair of horns on your head.
You reflexively headbutt those who attack you in melee.


Message History

The orc sorcerer casts a spell.
The orc knight roars a battlecry!
The orcs go into a battle-frenzy!
The orc sorcerer gestures wildly while chanting.
The orc knight roars a battlecry!
The orc knight goes into a battle-frenzy!
The orc sorcerer gestures wildly while chanting.
The orc warrior hits you from afar with a +0 trident.
The orc warrior closely misses you.
The orc knight roars a battlecry!
The orc knight goes into a battle-frenzy!
The orc knight hits you with a +0 long sword.
The orange demon stings you but does no damage.
You hear a shout!
You climb upwards.
There is a stone staircase leading down, spattered with blood here.
You hit the orc knight but do no damage.
Your weapon exudes an aura of protection.
You headbutt the orc knight, but do no damage.
You block the orc knight's attack. x2
You barely miss the orc knight. You headbutt the orc knight!
The orc knight is lightly wounded.
You hit the orc knight.
The orc knight is lightly wounded.
You block the orc knight's attack. The orc knight barely misses you.
You hit the orc knight.
The orc knight is moderately wounded.
The orc knight hits you with a +0 long sword!
The orc knight hits you with a +0 dire flail!!
You barely miss the orc knight. You headbutt the orc knight.
The orc knight is moderately wounded.
You puncture the orc knight!
The orc knight is heavily wounded.
You block the orc knight's attack.
The orc knight hits you with a +0 dire flail!!
You hit the orc knight. You headbutt the orc knight.
The orc knight is severely wounded.
The orc knight hits you with a +0 long sword!!
* * * LOW HITPOINT WARNING * * *
The orc knight hits you with a +0 dire flail!!!
You die...

###......### ##....### ### #
........##.## #......# ##.####
........#...######.##.## #...##.
...###..##...#.###.##.## ##.....
#.#.##...#......#......## #......
.....##.###...........#.####.....
#.....### #.........#....###.....
#....## #....))[.......#.......
.....# ##...o@...#.#.#........
#.#.## #####..[.o...####........
.....####..##..........#.........
....##.#.........................
..###.........#...)).).[..>......
..#.#).).#.......................
...[)#..##.[.....##...#.......#..
....######.......###.#...........
..).#####.......#######..........


You could see 2 orc knights.

Vanquished Creatures
  An ettin (Orc:2)
  A two-headed ogre (Orc:1)
  An orc high priest (D:9)
  Pikel (D:8)
  7 orc knights
  3 orc sorcerers
  A cyclops (Orc:2)
  2 trolls
  Grinder (D:5)
  8 saltlings (Orc:2)
  Sigmund (D:3)
  8 yaks
  2 wyverns
  5 wargs
  An acid dragon (D:7)
  A water moccasin (D:8)
  Duvessa (D:7)
  3 black bears
  14 orc warriors
  4 ice beasts
  6 ogres
  2 centaurs
  4 lemures
  3 phantoms
  A kobold brigand (D:5)
  3 necrophages
  2 gnoll sergeants
  6 scorpions
  11 wights
  12 killer bees (D:9)
  Dowan (D:7)
  2 hounds
  2 jellies
  A gnoll bouda (D:6)
  11 orc priests
  4 iguanas
  15 orc wizards
  30 gnolls
  5 adders
  A white imp (D:6)
  A worm (D:2)
  4 dart slugs
  44 orcs
  12 endoplasms
  2 giant cockroaches
  34 goblins
  26 hobgoblins (D:4)
  4 jackals (D:5)
  15 kobolds
  5 quokkas
  9 ball pythons
  8 bats
  3 frilled lizards
  8 rats
  17 pillars of salt (Orc:2)
380 creatures vanquished.

Vanquished Creatures (others)
  4 pillars of salt (Orc:2)
  4 plants (D:3)
8 creatures vanquished.

Grand Total: 388 creatures vanquished

Notes
Turn   | Place    | Note
-------+----------+-------------------------------------------
     0 | D:1      | Earthwalker the Minotaur Fighter began the quest for the
                  | Orb.
     0 | D:1      | Reached XP level 1. HP: 19/19 MP: 0/0
    33 | D:1      | Found a faded altar of an unknown god.
   226 | D:1      | Reached XP level 2. HP: 27/27 MP: 1/1
   774 | D:1      | Reached XP level 3. HP: 33/33 MP: 2/2
  1157 | D:1      | Reached XP level 4. HP: 44/44 MP: 3/3
  1983 | D:3      | Found Kaorohu's Assorted Antiques.
  2477 | D:3      | Noticed Sigmund
  2484 | D:3      | Killed Sigmund
  2485 | D:3      | Reached XP level 5. HP: 43/51 MP: 4/4
  2485 | D:3      | Reached XP level 6. HP: 49/58 MP: 5/5
  3064 | D:4      | Reached skill level 5 in Polearms
  3688 | D:4      | Reached XP level 7. HP: 27/64 MP: 6/6
  4649 | D:4      | Identified a scroll of acquirement
  4649 | D:4      | Acquired the amulet "Upronnir" {Reflect rF+ rC+ rCorr
                  | Slay+3 SH+5}
  4663 | D:5      | Entered Level 5 of the Dungeon
  5053 | D:5      | Noticed Grinder
  5107 | D:5      | Killed Grinder
  5108 | D:5      | Reached skill level 5 in Dodging
  5108 | D:5      | Reached XP level 8. HP: 71/71 MP: 7/7
  5975 | D:6      | Reached XP level 9. HP: 73/79 MP: 8/8
  6305 | D:6      | Found a radiant altar of Vehumet.
  7507 | D:7      | Found a staircase to the Ecumenical Temple.
  7516 | Temple   | Entered the Ecumenical Temple
  7637 | Temple   | Became a worshipper of Elyvilon the Healer
  7807 | D:7      | Noticed Dowan
  7807 | D:7      | Noticed Duvessa
  7820 | D:7      | Killed Duvessa
  7828 | D:7      | Killed Dowan
  7929 | D:7      | Reached skill level 5 in Throwing
  8080 | D:7      | Found a flagged portal.
  8558 | D:8      | Noticed Pikel
  8753 | D:7      | Reached XP level 10. HP: 46/88 MP: 9/9
  8943 | D:8      | Killed Pikel
  9321 | D:8      | Reached skill level 5 in Evocations
  9322 | D:8      | Reached * piety under Elyvilon
  9750 | D:8      | Found Woekare's Weapon Shop.
  9792 | D:8      | Found Cufumomm's Weapon Shop.
 10277 | D:8      | Found Imounk's Magic Scroll Emporium.
 10282 | D:8      | Bought 2 scrolls of identify for 60 gold pieces
 10282 | D:8      | Bought a scroll of identify for 30 gold pieces
 10282 | D:8      | Bought a scroll of poison for 60 gold pieces
 10282 | D:8      | Bought a scroll of identify for 30 gold pieces
 10282 | D:8      | Bought a scroll of brand weapon for 142 gold pieces
 10282 | D:8      | Bought a scroll of summoning for 142 gold pieces
 10399 | D:9      | Found a staircase to the Orcish Mines.
 10603 | D:9      | Reached ** piety under Elyvilon
 11201 | Orc:1    | Entered Level 1 of the Orcish Mines
 11201 | Orc:1    | Noticed an orc knight
 11219 | D:9      | Killed an orc knight
 11316 | Orc:1    | Noticed an orc knight
 11371 | D:9      | Reached XP level 11. HP: 23/95 MP: 10/10
 11666 | D:9      | Reached skill level 10 in Polearms
 11722 | Orc:1    | Killed an orc knight
 12060 | Orc:1    | Found a radiant altar of Vehumet.
 12393 | Orc:1    | Noticed an orc high priest
 12394 | Orc:1    | Noticed an orc sorcerer
 12633 | Orc:1    | Paralysed by an orc sorcerer for 4 turns
 12635 | Orc:1    | Noticed a sun demon
 12647 | D:9      | Killed an orc high priest
 12648 | D:9      | Reached skill level 10 in Shields
 12653 | D:9      | Killed an orc sorcerer
 12715 | Orc:1    | Found Wiarchaw's Jewellery Shop.
 12912 | Orc:2    | Entered Level 2 of the Orcish Mines
 12917 | Orc:2    | Noticed a two-headed ogre
 12934 | Orc:1    | Killed a two-headed ogre
 13293 | Orc:2    | Noticed an ettin
 13321 | Orc:2    | Killed an ettin
 13732 | Orc:2    | Reached *** piety under Elyvilon
 13741 | Orc:2    | Noticed an orc knight
 13773 | Orc:2    | Killed an orc knight
 13799 | Orc:2    | Noticed an orc knight
 13806 | Orc:2    | Noticed an orc knight
 13882 | Orc:1    | Killed an orc knight
 13991 | Orc:2    | Killed an orc knight
 14158 | Orc:2    | Noticed an orc sorcerer
 14193 | Orc:1    | Killed an orc sorcerer
 14262 | Orc:2    | Found a staircase to the Elven Halls.
 14690 | Orc:2    | Reached XP level 12. HP: 105/105 MP: 11/11
 15449 | Orc:1    | Reached skill level 10 in Armour
 15761 | Orc:1    | Annihilated by an orc knight

Illustrated notes

Levels and vault maps discovered:
D:1:      minmay_arrival_open_corners, layout_basic, basic_ecumenical_altar,
          minmay_heptomino_d4
D:2:      layout_basic, nicolae_kite_square_tiling_tiny
D:3:      layout_basic, serial_shops,
          nicolae_shop_temple_entry_statues_fountains, serial_bayou_pond_c,
          roderic_serpentine_path, uniq_sigmund
D:4:      minmay_goblin_kobold_castle, layout_loops_cross
D:5:      layout_cave_pods, nrook_mini_backslash, uniq_grinder
D:6:      layout_cave_pods, mainiacjoe_overflow_24_doors
D:7:      layout_cave_pools, minmay_temple_entry_statues_pillars,
          enter_bailey_3, uniq_duvessa
D:8:      layout_cave_pods, serial_shops, nicolae_shop_bloodbath_and_beyond,
          kennysheep_little_box, nicolae_shop_behind_doors,
          minmay_misc_feat_five, uniq_pikel
D:9:      minmay_klotski, layout_basic, orc_0_dummy, uniq_psyche
Temple:   kilobyte_greek_temple
Orc:1:    layout_caves, basic_altar, minmay_shop_enchanted_jewellery
Orc:2:    hellmonk_orc_salted, layout_diamond_mine, nicolae_orc_stony_grotto,
          statue_in_the_mist_lemuel

Skill      XL: |  1  2  3  4  5  6  7  8  9 10 11 12 |
---------------+-------------------------------------+-----
Armour         | 4 6 7 8 9 10 | 10.0
Fighting       | 4 6 7 8 9 |  9.7
Shields        | 4 6 7 8 9 11 | 11.5
Polearms       | 4 5 6 7 8 9 11 | 11.4
Throwing       | 3 4 5 6 |  6.7
Dodging        | 4 5 6 7 |  7.4
Evocations     | 3 4 5 6 |  6.2

Action                   |  1- 3 |  4- 6 |  7- 9 | 10-12 || total
-------------------------+-------+-------+-------+-------++-------
Melee: Trident           |    39 |   167 |     2 |       ||   208
       Headbutt          |     5 |    31 |    89 |   189 ||   314
       Spear             |       |       |   469 |   749 ||  1218
       Unarmed           |       |       |     1 |       ||     1
Throw: Dart              |       |       |       |    10 ||    10
  Use: Scroll            |     3 |     3 |     6 |    15 ||    27
       Potion            |     1 |       |       |       ||     1
Armor: Scale mail        |     8 |    60 |    92 |    83 ||   243
       Skin              |       |       |     6 |       ||     6
Dodge: Dodged            |     6 |   119 |   159 |   133 ||   417
Block: Buckler           |     2 |    60 |   171 |    44 ||   277
       Reflection        |       |       |     2 |     8 ||    10
       Kite shield       |       |       |       |   356 ||   356
